 Dungeon Crawl Stone Soup version 0.20-a0-539-g174d061 (webtiles) character file.

333396 M4edhros the Severer (level 20, -2/188 HPs)
             Began as a Minotaur Berserker on Jan 29, 2017.
             Was an Elder of Trog.
             Killed from afar by a deep elf annihilator (31 damage)
             ... with a poison arrow
             ... on level 2 of the Depths on Jan 30, 2017.
             The game lasted 01:47:59 (18508 turns).

M4edhros the Severer (Minotaur Berserker)          Turns: 18508, Time: 01:47:59

Health: -2/188     AC: 22    Str: 22    XL:     20   Next: 53%
Magic:  26/26      EV: 23    Int: 11    God:    Trog [****..]
Gold:   950        SH: 17    Dex: 17    Spells: 19/19 levels left

rFire    + + .     SeeInvis .   h - +9 broad axe (elec)
rCold    + + +     Gourm    +   s - +3 fire dragon scales
rNeg     . . .     Faith    .   X - +2 shield
rPois    .         Spirit   .   (helmet restricted)
rElec    +         Reflect  .   o - +0 cloak
rCorr    .         Harm     .   (no gloves)
MR       ++...                  q - +0 pair of boots
Stlth    ..........             c - amulet of the gourmand
Regen    0.5/turn               K - ring of protection from cold
                                M - ring of Vacu {rC+ Int+5}

@: lethally poisoned (-2 -> -29)
A: retaliatory headbutt, beak, horns 2, repulsion field 1, blurry vision 1,
clever 1, clumsy 1, cold resistance 2, magic resistance 1, screaming 1, shaggy
fur 1, electricity resistance, wild magic 1
}: 3/15 runes: serpentine, barnacled, silver
a: Berserk, Trog's Hand, Brothers in Arms, Burn Spellbooks, Renounce Religion


You were on level 2 of the Depths.
You worshipped Trog.
Trog was greatly pleased with you.
You were completely stuffed.

You visited 7 branches of the dungeon, and saw 38 of its levels.
You also visited: Ossuary and Ice Cave.

You collected 2619 gold pieces.
You spent 1669 gold pieces at shops.

Inventory:

Hand Weapons
 b - a +7 antimagic broad axe
 h - a +9 broad axe of electrocution (weapon)
 L - a +3 hand crossbow of freezing
 P - the +14 obsidian axe {chop, +Fly SInv *Curse}
   (Trog gifted it to you on level 4 of the Shoals)

   It inflicts extra damage upon your enemies.
   It lets you see invisible.
   It lets you fly.
   It curses itself when equipped.
Missiles
 w - 58 javelins
 x - 11 javelins of penetration
 z - 36 poisoned javelins
 C - 5 throwing nets
 E - 37 tomahawks (quivered)
 Q - 14 steel javelins
 V - 560 bolts
Armour
 f - a +3 plate armour of poison resistance
 g - a +0 large shield
 o - a +0 cloak (worn)
 q - a +0 pair of boots (worn)
 r - a +2 chain mail of cold resistance
 s - +3 fire dragon scales (worn)
 X - a +2 shield (worn)
Jewellery
 c - an amulet of the gourmand (around neck)
 d - an uncursed ring of protection from fire
 y - an uncursed ring of see invisible
 K - a ring of protection from cold (right hand)
 M - the ring of Vacu (left hand) {rC+ Int+5}
   (You found it on level 14 of the Dungeon)

   [ring of intelligence]

   It affects your intelligence (+5).
   It protects you from cold.
 N - an uncursed ring of flight
 Z - an uncursed ring of teleportation
Wands
 a - a wand of confusion (23/48)
 e - a wand of clouds (1/9)
 v - a wand of digging (12/24)
 F - a wand of acid (5/15)
Scrolls
 k - a scroll of enchant armour
 n - 4 scrolls of fog
 A - 4 scrolls of magic mapping
 I - 2 scrolls of blinking
 J - 2 scrolls of teleportation
 R - 4 scrolls of vulnerability
 U - 4 scrolls of immolation
 W - 6 scrolls of remove curse
Potions
 i - a potion of ambrosia {unknown}
 j - a potion of haste
 m - a potion of invisibility
 t - 4 potions of berserk rage
 u - a potion of agility
 H - a potion of resistance
 O - 2 potions of might
 S - 3 potions of lignification
Miscellaneous
 D - a box of beasts
 T - a lamp of fire (inert)
Comestibles
 l - 9 meat rations
 p - 2 chunks of flesh
 B - 17 royal jellies


   Skills:
 * Level 18.2 Fighting
 - Level 20.3 Axes
 * Level 10.8 Throwing
 * Level 18.0 Armour
 - Level 17.0 Dodging
 + Level 18.1 Shields
 * Level 10.4 Evocations


You had 19 spell levels left.
You didn't know any spells.

Dungeon Overview and Level Annotations

Branches:
Dungeon (15/15)              Lair (6/6) D:11         Shoals (4/4) Lair:4
  Snake (4/4) Lair:3        Slime (0/5) Lair:5          Orc (2/2) D:10
    Elf (0/3) Orc:2        Vaults (5/5) D:13         Depths (2/5) D:15
 Temple: D:4-7        Crypt: Vaults:2-3

Altars:
Sif Muna

Shops:
D:13 =   Orc:2 !**%(   Shoals:2 %   Shoals:3 [   Vaults:4 }

Annotations:
D:8 M4edhros's ghost, novice OpAr


Innate Abilities, Weirdness & Mutations

You reflexively headbutt those who attack you in melee.
You have a pair of horns on your head.
You have a beak for a mouth.
You are surrounded by a mild repulsion field. (EV +2)
Scrolls take you a little longer to read.
Your mind is acute. (Int +2)
You are clumsy. (Dex -2)
Your flesh is very cold resistant. (rC++)
You are resistant to hostile enchantments. (MR+)
You occasionally shout uncontrollably at your foes.
You are covered in fur. (AC +1)
You are resistant to electric shocks. (rElec)
Your spells are a little harder to cast, but a little more powerful.


Message History

The deep elf annihilator hits you with a scimitar of freezing.
You slash the deep elf annihilator! You headbutt the deep elf annihilator.
You peck the deep elf annihilator, but do no damage.
The deep elf annihilator is moderately wounded.
You slash the deep elf annihilator! You peck the deep elf annihilator.
The deep elf annihilator is heavily wounded.
The deep elf annihilator completely misses you.
You slash the deep elf annihilator!
The deep elf annihilator is severely wounded.
The deep elf annihilator gestures wildly while chanting.
The deep elf annihilator blinks!
The deep elf annihilator gestures at you while chanting.
The poison arrow hits you!
You are poisoned.
* * * LOW HITPOINT WARNING * * *
You feel sick.
The deep elf annihilator points at you and mumbles some strange words.
The poison arrow hits you!
You are more poisoned.
You die...

#.#.# ## #...#
##.######...#####
#...#...........##
#.........#.....≈#
#...#...........#
#####...##.##...##.##
#.......e)..#...#...#
..#...≈.@..[#.......#
#........§..#...#...#
#####...#########...#####
#...#.(.#...........#
#.≈.#.#.#[.)......≈.≈
#.).#...#..)........#
#####...##.##...##### #.
#...........#...# #.#
#.>...#.......#.#


You could see a deep elf annihilator.

Vanquished Creatures
  Boris (Vaults:5)
  Xtahua (Vaults:2)
  Margery (Vaults:5)
  2 golden dragons (Vaults:5)
  A lich (Vaults:5)
  2 tentacled monstrosities (Vaults:5)
  A titan (Vaults:5)
  2 sphinxes
  2 krakens
  A storm dragon (Vaults:5)
  A shadow dragon (Vaults:5)
  5 tengu reavers
  Donald (Snake:1)
  8 nagarajas
  4 fire giants
  7 frost giants
  A deep elf sorcerer (Vaults:5)
  An orc warlord (D:10)
  Louise (Snake:4)
  6 vault wardens
  A curse skull (Vaults:2)
  A deep elf elementalist (Vaults:5)
  4 ironheart preservers
  5 stone giants
  A very ugly thing (Depths:2)
  The ghost of Execuda the Cleaver, a journeyman HOMo of Beogh (Lair:1)
  2 war gargoyles
  A vampire knight (Depths:1)
  A deep elf demonologist (Vaults:3)
  A white draconian (IceCv)
  A deep elf annihilator (Depths:2)
  A lorocyproca (Depths:2)
  9 ettins
  A deep elf death mage (Vaults:3)
  2 fire dragons
  A crystal guardian (Depths:2)
  7 merfolk javelineers
  A deep elf high priest (Vaults:5)
  3 rakshasas
  3 ogre magi
  A great orb of eyes (Vaults:3)
  4 merfolk impalers (Shoals:4)
  22 naga warriors
  4 ice dragons
  11 yaktaur captains
  An ice dragon (shapeshifter) (Vaults:5)
  28 vault guards
  3 hydras
  Erolcha (D:13)
  2 catoblepae
  A merfolk avatar (Shoals:4)
  An alligator snapping turtle (Shoals:4)
  4 merfolk aquamancers
  8 centaur warriors
  3 anacondas
  A queen ant (Lair:2)
  A dancing weapon (Vaults:5)
  2 death yaks (Shoals:4)
  An alligator (shapeshifter) (Depths:2)
  9 two-headed ogres
  A deep troll shaman (Vaults:2)
  A vampire mage (Depths:1)
  3 satyrs
  3 orc high priests (Orc:2)
  17 naga sharpshooters
  4 deep troll earth magi
  2 shock serpents
  2 deep elf knights
  3 salamander mystics (Snake:4)
  A shadow wraith (Vaults:4)
  3 hell knights
  3 unseen horrors
  A swamp dragon (Lair:6)
  11 naga ritualists
  3 sea snakes
  7 deep trolls
  The ghost of M4edhros the Cleaver, a novice MiBe of Trog (D:10)
  2 wizards
  2 phantasmal warriors (Vaults:5)
  15 harpies
  A glowing orange brain (Depths:1)
  8 deep elf magi
  2 necromancers
  Pikel (D:7)
  8 ironbrand convokers
  5 mana vipers
  An orb spider (shapeshifter) (Vaults:1)
  10 orc knights
  6 orc sorcerers
  2 wolf spiders (Vaults:1)
  2 human zombies (Vaults:3)
  A shining eye (shapeshifter) (Depths:2)
  9 cyclopes
  22 ugly things
  5 fauns
  A stone giant zombie (Vaults:3)
  9 salamanders
  6 elephants (Lair:3)
  7 manticores
  4 merfolk sirens
  21 black mambas
  5 water nymphs
  2 ice statues (IceCv)
  10 vault sentinels
  A gargoyle (D:15)
  6 guardian serpents (Snake:4)
  12 naga magi
  3 centaur skeletons
  9 spiny frogs
  A yaktaur zombie (Vaults:3)
  A rime drake (Lair:6)
  4 kobold demonologists (D:14)
  7 komodo dragons
  15 yaktaurs
  An efreet (D:13)
  2 freezing wraiths (Vaults:4)
  4 trolls
  17 polar bears
  2 queen bees
  3 meliai (D:14)
  3 slime creatures
  8 snapping turtles
  19 blink frogs
  19 merfolk
  15 dream sheep
  2 hippogriffs
  A meliai zombie (D:12)
  2 shadows
  2 wyverns
  5 water elementals
  29 yaks
  A fire elemental (Lair:5)
  A tarantella (Vaults:5)
  4 basilisks
  A hungry ghost (D:14)
  A vampire mosquito (D:14)
  2 steam dragons (Lair:6)
  2 wargs
  58 nagas
  7 soldier ants (Lair:2)
  An acid dragon (Lair:6)
  7 water moccasins
  Duvessa (D:7)
  8 porcupines
  A sky beast (D:9)
  2 swamp drakes (Lair:6)
  2 ice beasts
  A hornet zombie (D:15)
  22 orc warriors
  A phantom (D:14)
  An ettin simulacrum (Vaults:1)
  14 centaurs
  14 ogres
  6 boggarts
  14 wolves
  5 crocodiles
  A big kobold (D:14)
  11 bullfrogs
  Dowan (D:7)
  A wyvern skeleton (D:14)
  5 scorpions
  45 killer bees
  2 howler monkeys (D:8)
  6 crimson imps
  2 quasits
  A centaur zombie (D:5)
  11 orc priests
  5 hounds
  2 bullfrog skeletons
  19 jellies
  19 orc wizards
  2 iguanas
  19 worker ants
  A killer bee zombie (D:9)
  A hound skeleton (D:8)
  8 mummies (Ossuary)
  A howler monkey zombie (D:9)
  2 gnolls (D:7)
  5 adders
  4 shadow imps
  3 adder zombies
  An adder skeleton (D:4)
  A dart slug (D:1)
  48 orcs
  3 giant cockroaches
  2 hobgoblins (D:1)
  2 jackals (D:9)
  3 kobolds
  2 bats
  A frilled lizard (D:4)
  3 hobgoblin zombies (Ossuary)
  2 kobold zombies (Ossuary)
  3 orc zombies (Ossuary)
  A quokka skeleton (D:6)
  A rat (D:1)
  2 fungi (Lair:4)
  8 plants
  6 tentacles
1073 creatures vanquished.

Vanquished Creatures (collateral kills)
  Jorgrun (Vaults:5)
  A lich (Vaults:5)
  2 quicksilver dragons
  2 storm dragons (Vaults:5)
  2 tengu reavers
  2 nagarajas (Snake:4)
  Ilsuiw (Shoals:4)
  A deep elf sorcerer (Vaults:5)
  A fire giant (Vaults:5)
  An ironheart preserver (Vaults:5)
  A stone giant (Vaults:5)
  A war gargoyle (Depths:2)
  An entropy weaver (Vaults:5)
  An ettin (Vaults:5)
  2 merfolk impalers (Shoals:4)
  A hydra (D:14)
  A dancing weapon (Vaults:5)
  A death yak (Shoals:4)
  A shock serpent (Snake:2)
  A deep elf knight (Vaults:5)
  2 hell knights (Vaults:5)
  2 ironbrand convokers (Vaults:5)
  An orc knight (Vaults:5)
  A necromancer (Vaults:5)
  3 harpies (Vaults:5)
  An ugly thing (Vaults:4)
  A mana viper (Snake:2)
  A cyclops (D:14)
  A merfolk siren (Shoals:4)
  A naga mage (Snake:4)
  A vault sentinel (Vaults:5)
  A black mamba (Snake:4)
  2 yaktaurs (Vaults:4)
  A wind drake (Shoals:4)
  A merfolk (Shoals:4)
  A queen bee (shapeshifter) (Depths:2)
  2 blink frogs (Lair:3)
  A water moccasin (Lair:2)
  An orc warrior (Vaults:5)
  2 orcs
  2 plants (Shoals:4)
  A tentacle (Shoals:4)
55 creatures vanquished.

Vanquished Creatures (others)
  A steam dragon (Lair:6)
  An acid dragon (D:13)
  4 slaves (D:7)
  A big kobold (D:7)
  A killer bee (D:7)
  A crimson imp (D:14)
  An iguana (Lair:6)
  A gnoll (D:7)
  An orc (D:14)
  A kobold (D:7)
  10 fungi (Lair:6)
  21 plants
  20 tentacles
64 creatures vanquished.

Grand Total: 1192 creatures vanquished

Notes
Turn   | Place    | Note
-------+----------+-------------------------------------------
     0 | D:1      | M4edhros the Minotaur Berserker began the quest for the Orb.
     0 | D:1      | Reached XP level 1. HP: 19/19 MP: 0/0
    97 | D:1      | Reached XP level 2. HP: 22/27 MP: 1/1
   169 | D:3      | Reached skill level 4 in Axes
   271 | D:4      | Reached XP level 3. HP: 15/33 MP: 2/2
   272 | D:4      | Reached XP level 4. HP: 19/40 MP: 3/3
   289 | D:5      | Entered Level 5 of the Dungeon
   306 | D:5      | Reached skill level 5 in Axes
   424 | D:5      | Reached XP level 5. HP: 31/47 MP: 4/4
   466 | D:5      | Found a sand-covered staircase.
   471 | Ossuary  | Entered an ossuary
   480 | Ossuary  | Reached ** piety under Trog
   495 | Ossuary  | Reached skill level 5 in Fighting
   544 | Ossuary  | Reached XP level 6. HP: 14/56 MP: 5/5
   775 | D:6      | Noticed an orc warrior
   790 | D:6      | Reached skill level 6 in Axes
   791 | D:6      | Killed an orc warrior
   864 | D:6      | Reached XP level 7. HP: 53/61 MP: 6/6
  1033 | D:6      | Reached skill level 7 in Axes
  1033 | D:6      | Reached skill level 5 in Armour
  1335 | D:7      | Noticed Pikel
  1345 | D:7      | Killed Pikel
  1345 | D:7      | Reached skill level 8 in Axes
  1345 | D:7      | Reached skill level 5 in Dodging
  1345 | D:7      | Reached XP level 8. HP: 71/71 MP: 7/7
  1386 | D:7      | Reached *** piety under Trog
  1415 | D:8      | Noticed a two-headed ogre
  1420 | D:8      | Killed a two-headed ogre
  1420 | D:8      | Reached skill level 9 in Axes
  1421 | D:8      | Reached XP level 9. HP: 79/79 MP: 8/8
  1425 | D:8      | Noticed M4edhros's ghost (novice OpAr)
  1633 | D:7      | Noticed Duvessa
  1648 | D:7      | Killed Duvessa
  1690 | D:7      | Noticed Dowan
  1696 | D:7      | Killed Dowan
  1696 | D:7      | Reached skill level 10 in Axes
  2064 | D:9      | Reached **** piety under Trog
  2101 | D:9      | Gained mutation: Your body sometimes deteriorates upon taking damage. [potion of mutation]
  2101 | D:9      | Gained mutation: You are covered in fur. (AC +1) [potion of mutation]
  2101 | D:9      | Gained mutation: You are surrounded by a mild repulsion field. (EV +2) [potion of mutation]
  2172 | D:10     | Entered Level 10 of the Dungeon
  2216 | D:10     | Found a staircase to the Orcish Mines.
  2229 | Orc:1    | Entered Level 1 of the Orcish Mines
  2253 | Orc:2    | Entered Level 2 of the Orcish Mines
  2267 | Orc:2    | Found Qaothut's Distillery.
  2275 | Orc:2    | Bought a potion of mutation for 30 gold pieces
  2275 | Orc:2    | Bought a potion of heal wounds for 60 gold pieces
  2275 | Orc:2    | Gained mutation: You have large cloven feet. [potion of mutation]
  2275 | Orc:2    | Gained mutation: You evolve. [potion of mutation]
  2275 | Orc:2    | Lost mutation: Your body sometimes deteriorates upon taking damage. [potion of mutation]
  2283 | Orc:2    | Reached skill level 11 in Axes
  2328 | Orc:2    | Noticed an orc knight
  2341 | Orc:1    | Noticed a troll
  2351 | Orc:1    | Killed a troll
  2351 | Orc:1    | Reached XP level 10. HP: 46/90 MP: 9/9
  2355 | Orc:1    | Noticed an orc warlord
  2375 | D:10     | Noticed M4edhros's ghost (novice MiBe)
  2518 | D:10     | Got a spiked plate armour
  2529 | D:10     | Identified the +1 plate armour "Hewimm" {rN+ MR+} (You found it on level 10 of the Dungeon)
  2684 | D:11     | Reached skill level 1 in Evocations
  2699 | D:11     | Found a staircase to the Lair.
  2727 | Lair:1   | Entered Level 1 of the Lair of Beasts
  2740 | D:11     | Reached skill level 10 in Dodging
  2763 | Lair:1   | Reached skill level 12 in Axes
  2826 | Lair:1   | Noticed Execuda's ghost (journeyman HOMo)
  2838 | Lair:1   | Killed Execuda's ghost
  2948 | Lair:2   | Reached XP level 11. HP: 96/97 MP: 12/12
  3066 | Lair:3   | Found a staircase to the Snake Pit.
  3170 | Lair:3   | Reached skill level 5 in Evocations
  3426 | Lair:2   | Reached skill level 13 in Axes
  3447 | Lair:2   | Noticed a queen ant
  3453 | Lair:2   | Reached ***** piety under Trog
  3458 | Lair:2   | Killed a queen ant
  3482 | Lair:2   | Reached skill level 10 in Fighting
  3918 | Lair:4   | Reached XP level 12. HP: 106/106 MP: 15/15
  4073 | Lair:5   | Found a staircase to the Slime Pits.
  4082 | Lair:5   | Reached skill level 10 in Armour
  4421 | Lair:6   | Entered Level 6 of the Lair of Beasts
  4524 | Lair:6   | Reached skill level 14 in Axes
  4527 | Lair:6   | Noticed a seven-headed hydra
  4540 | Lair:6   | Killed a nine-headed hydra
  4627 | Lair:6   | Noticed a four-headed hydra
  4641 | Lair:6   | Killed an 11-headed hydra
  4738 | Lair:6   | Gained mutation: Your flesh is cold resistant. (rC+) [evolution]
  4772 | Lair:6   | Reached skill level 1 in Shields
  4897 | Lair:6   | Noticed a fire dragon
  4915 | Lair:6   | Killed a fire dragon
  5181 | D:11     | Reached skill level 15 in Dodging
  5245 | D:12     | Reached XP level 13. HP: 80/113 MP: 17/17
  5257 | D:12     | Received a gift from Trog
  5404 | D:13     | Found a gate to the Vaults.
  5579 | D:13     | Noticed Erolcha
  5586 | D:13     | Killed Erolcha
  5586 | D:13     | Reached skill level 15 in Axes
  5674 | D:13     | Found Gyaruad's Jewellery Shoppe.
  5686 | D:13     | Reached skill level 5 in Shields
  5835 | D:14     | Got a wavering granite ring
  5837 | D:14     | Identified the ring of Vacu {rC+ Int+5} (You found it on level 14 of the Dungeon)
  5881 | D:14     | Found a frozen archway.
  5962 | IceCv    | Entered an ice cave
  6011 | IceCv    | Reached ****** piety under Trog
  6409 | IceCv    | Noticed a white draconian
  6441 | IceCv    | Killed a white draconian
  6529 | IceCv    | Gained mutation: Your spells are a little harder to cast, but a little more powerful. [evolution]
  6744 | IceCv    | Got a scorched halberd
  6745 | IceCv    | Identified the +7 halberd "Dahoxou" {chop, rC- Dex+3} (You found it in an ice cave)
  7120 | D:14     | Received a gift from Trog
  7148 | D:14     | Reached XP level 14. HP: 88/121 MP: 19/19
  7259 | D:14     | Noticed a tengu reaver
  7260 | D:14     | Noticed a tengu reaver
  7272 | D:14     | Killed a tengu reaver
  7276 | D:14     | Killed a tengu reaver
  7280 | D:14     | Reached skill level 16 in Axes
  7665 | D:14     | Gained mutation: Your spells are harder to cast, but more powerful. [evolution]
  7740 | D:15     | Entered Level 15 of the Dungeon
  7763 | D:14     | Gained mutation: You are clumsy. (Dex -2) [mutagenic meat]
  7764 | D:14     | Gained mutation: You have a pair of large horns on your head. [mutagenic meat]
  7765 | D:14     | Gained mutation: You are frail. (-10% HP) [mutagenic meat]
  7866 | D:15     | Gained mutation: You are weak. (Str -2) [mutagenic meat]
  7867 | D:15     | Lost mutation: You are weak. (Str -2) [mutagenic meat]
  7973 | D:15     | Found a deep blue altar of Sif Muna.
  8094 | D:15     | Found a staircase to the Depths.
  8162 | D:15     | Noticed Nessos
  8167 | D:15     | Noticed Nessos
  8167 | D:15     | Nessos changed into Nessos the two-headed ogre
  8172 | D:15     | Killed Nessos the two-headed ogre
  8415 | D:15     | Gained mutation: You possess an exceptional clarity of mind. [mutagenic meat]
  8419 | D:15     | Gained mutation: Your body sometimes deteriorates upon taking damage. [mutagenic meat]
  8421 | D:15     | Lost mutation: You are clumsy. (Dex -2) [mutagenic meat]
  8424 | D:15     | Lost mutation: You are frail. (-10% HP) [mutagenic meat]
  8426 | D:15     | Gained mutation: Your muscles are strong. (Str +2) [mutagenic meat]
  8701 | D:10     | Killed M4edhros's ghost
  8701 | D:10     | Received a gift from Trog
  8819 | D:10     | Killed an orc warlord
  8971 | Orc:2    | Reached skill level 10 in Shields
  9004 | Orc:2    | Bought a potion of might for 48 gold pieces
  9004 | Orc:2    | Bought a potion of heal wounds for 60 gold pieces
  9004 | Orc:2    | Bought a potion of curing for 36 gold pieces
  9004 | Orc:2    | Bought a potion of haste for 120 gold pieces
  9004 | Orc:2    | Bought a potion of agility for 48 gold pieces
  9028 | Orc:2    | Reached XP level 15. HP: 67/129 MP: 21/21
  9090 | Orc:2    | Found Taupupi's General Store.
  9090 | Orc:2    | Found Ykyshrun's General Store.
  9092 | Orc:2    | Found Weuph's Food Emporium.
  9092 | Orc:2    | Found Jukk's Antique Weapon Shop.
  9103 | Orc:2    | Bought a potion of curing for 39 gold pieces
  9103 | Orc:2    | Bought a scroll of teleportation for 39 gold pieces
  9103 | Orc:2    | Bought a potion of haste for 130 gold pieces
  9103 | Orc:2    | Bought a box of beasts for 260 gold pieces
  9108 | Orc:2    | Bought a potion of heal wounds for 85 gold pieces
  9108 | Orc:2    | Bought a scroll of fear for 59 gold pieces
  9108 | Orc:2    | Bought a scroll of vulnerability for 127 gold pieces
  9314 | Snake:1  | Entered Level 1 of the Snake Pit
  9314 | Snake:1  | Noticed Donald
  9322 | Snake:1  | Killed Donald
  9419 | Snake:1  | Reached skill level 17 in Axes
  9948 | Snake:3  | Received a gift from Trog
 10010 | Snake:4  | Entered Level 4 of the Snake Pit
 10158 | Snake:4  | Noticed a nagaraja
 10174 | Snake:4  | Noticed a nagaraja
 10178 | Snake:3  | Killed a nagaraja
 10207 | Snake:3  | Gained mutation: You have supernaturally acute eyesight. (SInv) [potion of beneficial mutation]
 10208 | Snake:3  | Gained mutation: You are resistant to electric shocks. (rElec) [potion of beneficial mutation]
 10272 | Snake:4  | Killed a nagaraja
 10279 | Snake:4  | Noticed Louise
 10299 | Snake:4  | Killed Louise
 10447 | Snake:4  | Gained mutation: You are resistant to hostile enchantments. (MR+) [evolution]
 10500 | Snake:4  | Received a gift from Trog
 10571 | Snake:4  | Noticed a nagaraja
 10590 | Snake:4  | Killed a nagaraja
 10611 | Snake:4  | Reached skill level 18 in Axes
 10669 | Snake:4  | Noticed a nagaraja
 10711 | Snake:4  | Killed a nagaraja
 10711 | Snake:4  | Reached XP level 16. HP: 108/139 MP: 22/22
 11236 | Snake:4  | Lost mutation: Your body sometimes deteriorates upon taking damage. [evolution]
 11530 | Snake:4  | Lost mutation: You have a pair of large horns on your head. [mutagenic meat]
 11531 | Snake:4  | Gained mutation: You passively map a small area around you. [mutagenic meat]
 11533 | Snake:4  | Gained mutation: You are highly resistant to hostile enchantments. (MR++) [mutagenic meat]
 11814 | Snake:4  | Reached skill level 19 in Axes
 11854 | Snake:4  | Lost mutation: Your muscles are strong. (Str +2) [mutagenic meat]
 11855 | Snake:4  | Lost mutation: You passively map a small area around you. [mutagenic meat]
 11995 | Snake:4  | Received a gift from Trog
 12020 | Snake:4  | Got a slimy battleaxe {god gift}
 12021 | Snake:4  | Identified the +7 battleaxe of Osaxyuf {flame, rPois rN+ Int+2} (Trog gifted it to you on level 4 of the Snake Pit)
 12034 | Snake:4  | Got a serpentine rune of Zot
 12206 | Snake:1  | Lost mutation: You have supernaturally acute eyesight. (SInv) [potion of mutation]
 12671 | Lair:4   | Found a staircase to the Shoals.
 12682 | Shoals:1 | Entered Level 1 of the Shoals
 12725 | Shoals:1 | Noticed a kraken
 12735 | Shoals:1 | Killed a kraken
 12928 | Shoals:2 | Reached XP level 17. HP: 42/150 MP: 23/23
 13052 | Shoals:2 | Found Jeustries's Food Shop.
 13188 | Shoals:2 | Got a twitching iron amulet
 13190 | Shoals:2 | Identified the amulet "Cylill" {Inacc Dex+4} (You found it on level 2 of the Shoals)
 13411 | Shoals:3 | Reached skill level 15 in Shields
 13482 | Shoals:3 | Found Fono's Armour Boutique.
 13571 | Shoals:3 | Lost mutation: Your spells are harder to cast, but more powerful. [evolution]
 14049 | Snake:4  | Gained mutation: You are clumsy. (Dex -2) [mutagenic meat]
 14050 | Snake:4  | Lost mutation: You have large cloven feet. [mutagenic meat]
 14051 | Snake:4  | Gained mutation: You occasionally shout uncontrollably at your foes. [mutagenic meat]
 14408 | Shoals:4 | Entered Level 4 of the Shoals
 14649 | Shoals:4 | Reached skill level 20 in Axes
 14789 | Shoals:4 | Noticed a kraken
 14800 | Shoals:4 | Noticed Ilsuiw
 14812 | Shoals:4 | Killed Ilsuiw
 14814 | Shoals:4 | Received a gift from Trog
 14896 | Shoals:4 | Killed a kraken
 15028 | Shoals:4 | Got a barnacled rune of Zot
 15095 | Shoals:3 | Reached skill level 1 in Throwing
 15379 | Vaults:1 | Entered Level 1 of the Vaults
 15464 | Vaults:1 | Reached XP level 18. HP: 78/161 MP: 24/24
 15475 | Vaults:1 | Gained mutation: Your mind is acute. (Int +2) [mutagenic meat]
 15476 | Vaults:1 | Gained mutation: You sometimes yell uncontrollably at your foes. [mutagenic meat]
 15477 | Vaults:1 | Lost mutation: You are highly resistant to hostile enchantments. (MR++) [mutagenic meat]
 15493 | Vaults:1 | Lost mutation: You sometimes yell uncontrollably at your foes. [mutagenic meat]
 15495 | Vaults:1 | Gained mutation: You have a beak for a mouth. [mutagenic meat]
 15502 | Vaults:1 | Lost mutation: You evolve. [mutagenic meat]
 15507 | Vaults:1 | Gained mutation: Scrolls take you a little longer to read. [mutagenic meat]
 15567 | Vaults:1 | Reached skill level 15 in Armour
 15656 | Vaults:1 | Received a gift from Trog
 15766 | Vaults:2 | Noticed Xtahua
 15787 | Vaults:2 | Killed Xtahua
 15787 | Vaults:2 | Reached skill level 15 in Fighting
 15907 | Vaults:2 | Reached skill level 5 in Throwing
 16054 | Vaults:2 | HP: 7/163 [yaktaur/bolt[a yaktaur captain] (12)]
 16197 | Vaults:3 | Noticed a Hell Sentinel
 16275 | Vaults:3 | Received a gift from Trog
 16623 | Vaults:4 | Gained mutation: Your mind is very acute. (Int +4) [mutagenic meat]
 16624 | Vaults:4 | Lost mutation: Your mind is very acute. (Int +4) [mutagenic meat]
 16642 | Vaults:4 | Found Taprab's Gadget Shop.
 16686 | Vaults:4 | Bought a wand of clouds (4/9) for 528 gold pieces
 16732 | Vaults:5 | Entered Level 5 of the Vaults
 16743 | Vaults:5 | Noticed Margery
 16748 | Vaults:5 | Noticed a golden dragon
 16750 | Vaults:5 | Noticed a golden dragon
 16750 | Vaults:5 | Reached XP level 19. HP: 153/172 MP: 25/25
 16767 | Vaults:5 | Killed Margery
 16769 | Vaults:5 | Killed a golden dragon
 16774 | Vaults:5 | Received a gift from Trog
 16781 | Vaults:5 | Killed a golden dragon
 16793 | Vaults:5 | Noticed a lich
 16807 | Vaults:5 | Killed a lich
 16813 | Vaults:5 | Received a gift from Trog
 16943 | Vaults:5 | Noticed Jorgrun
 16949 | Vaults:5 | Noticed Boris
 16950 | Vaults:5 | Killed Jorgrun
 17147 | Vaults:5 | Got a silver rune of Zot
 17262 | Vaults:5 | Killed Boris
 17262 | Vaults:5 | Reached XP level 20. HP: 19/187 MP: 26/26
 17381 | Vaults:3 | Reached skill level 10 in Throwing
 17746 | Depths:1 | Entered Level 1 of the Depths
 18000 | Depths:1 | Paralysed by a vampire knight for 5 turns
 18025 | Depths:1 | Reached skill level 10 in Evocations
 18378 | Depths:2 | Received a gift from Trog
 18414 | Depths:2 | Gained mutation: Your flesh is very cold resistant. (rC++) [mutagenic meat]
 18415 | Depths:2 | Lost mutation: You possess an exceptional clarity of mind. [mutagenic meat]
 18508 | Depths:2 | Killed from afar by a deep elf annihilator

Vault maps used:
D:1:      roderic_chinese_lattice_arrival
D:2:      serial_curves, eino_curves_02, eino_curves_04
D:3:      first_bread
D:4:      minmay_temple_entry_mist
D:5:      enter_ossuary_5, small_statue_intersection, minmay_lizard_king
D:6:      serial_bayou_pond_d
D:7:      uniq_duvessa, uniq_pikel
D:10:     orc_0_dummy, uniq_nergalle
D:11:     minmay_lair_entry_grove, serial_shops, shop, david_nohive_1,
          hangedman_decor_lopped
D:13:     minmay_shrinking_squares, david_vaults_5, serial_shops, shop,
          uniq_erolcha
D:14:     regret_index_wax_grids, portal_ice_cave_entry_animals_and_master
D:15:     grunt_enter_depths_hoard, serial_curves, eino_curves_04,
          eino_curves_02, lemuel_blue_sif_altar, uniq_nessos
Lair:1:   st_stairs_6
Lair:2:   minmay_another_anthill
Lair:3:   minmay_snake_entry_guardpost_medium, infiniplex_staircase_pool
Lair:4:   minmay_shoals_entry_hut, serial_bayou_shore_b, grunt_megastairs_5
Lair:5:   minmay_slime_entry_jelly_boxes, fungi_pond_lemuel
Lair:6:   guppyfry_lair_end_dragon, grunt_megastairs_1
Shoals:1: nicolae_shoals_kraken_intersection
Shoals:2: serial_shops, nicolae_shop_behind_doors
Shoals:3: serial_shops, nicolae_shop_crystal, st_cyclops
Shoals:4: shoals_end_grunt_ice, shoal_ilsuiw, nicolae_shoals_mertower,
          uniq_polyphemus
Snake:1:  uniq_donald
Snake:2:  nicolae_snake_shapes, serial_bayou_shore_a, basic_stair_grate_trap,
          serial_bayou_shore_b, minmay_shop_star, serial_bayou_shore_b,
          lemuel_fruit_tree, uniq_asterion
Snake:4:  grunt_snake_rune_spirals, uniq_louise, uniq_vashnia
Orc:1:    basic_altar
Orc:2:    grunt_orc_tribal_feast, serial_shops, shop, basic_altar
Vaults:1: nicolae_vaults_three_branches, v_rooms_2, v_alt_pattern_5, v_misc_10,
          hangedman_vaults_nodes, v_misc_24, ontoclasm_vaults_twist,
          vaults_room_door_hall, v_misc_22
Vaults:2: minmay_crypt_entry_simple_walls, vaults_dpeg_spiral, v_misc_25,
          ontoclasm_vaults_tryst, nicolae_vaults_mini_display_case,
          nicolae_vaults_little_squares_2, uniq_xtahua
Vaults:3: nicolae_vaults_branching_niches, vaults_room_pools, v_rooms_3,
          ontoclasm_vaults_shuriken, grunt_vaults_hallway_short,
          vaults_mumra_hex, v_misc_23, vaults_dpeg_hooks,
          nicolae_vaults_little_squares_6, nicolae_vaults_little_squares_4,
          hangedman_vaults_cutoff, portal_desolation_entry_garden
Vaults:4: v_misc_4, hangedman_vaults_capsules, v_misc_5,
          nicolae_vaults_rhombus_6, v_alt_pattern_4, v_pattern_1, serial_shops,
          shop_coins
Vaults:5: uniq_jorgrun, uniq_boris, uniq_margery, uniq_mennas
Depths:1: hell_entry, abyss_entry, minivault_11, minivault_22,
          minmay_misc_feat_five, kennysheep_generic_room_10, grunt_megastairs_2
Depths:2: hangedman_crystal_crosses_colossus, hell_entry
Ossuary:  ossuary_tomb_3
IceCv:    ice_cave_small_giant

Skill      XL: |  1  2  3  4  5  6  7  8  9 10 11 12 13 14 15 16 17 18 19 20 |
---------------+-------------------------------------------------------------+-----
Fighting       | 4 5 6 7 8 9 10 11 12 13 14 16 17 18 | 18.2
Axes           | 4 5 6 8 9 11 12 13 14 15 16 18 19 20 | 20.3
Armour         | 3 4 5 6 8 9 10 11 12 13 14 16 17 18 | 18.0
Dodging        | 3 4 5 6 8 10 13 15 16 17 | 17.0
Evocations     | 3 6 7 9 10 | 10.4
Shields        | 3 7 10 12 14 16 17 18 | 18.1
Throwing       | 2 6 9 10 | 10.8

Action                   |  1- 3 |  4- 6 |  7- 9 | 10-12 | 13-15 | 16-18 | 19-21 || total
-------------------------+-------+-------+-------+-------+-------+-------+-------++-------
Melee: Hand axe          |    29 |    72 |    22 |       |       |       |       ||   123
       Headbutt          |     4 |    19 |    43 |   107 |   220 |   278 |   126 ||   797
       War axe           |       |       |   169 |   421 |   380 |       |       ||   970
       Unarmed           |       |       |     4 |       |       |       |       ||     4
       Broad axe         |       |       |       |       |   467 |  1063 |   411 ||  1941
       Peck              |       |       |       |       |       |    86 |   129 ||   215
Throw: Tomahawk          |       |       |       |       |       |       |     4 ||     4
Invok: Berserk           |     1 |     4 |     6 |    20 |    26 |    26 |     6 ||    89
       Trog's Hand       |       |     2 |     1 |    10 |    11 |    29 |    16 ||    69
       Brothers in Arms  |       |       |     1 |     1 |     2 |     4 |    11 ||    19
       Burn Spellbooks   |       |       |       |     2 |     2 |     4 |     2 ||    10
Evoke: Wand              |       |       |       |    25 |     8 |    14 |     4 ||    51
       Lamp of fire      |       |       |       |       |     3 |     2 |     4 ||     9
       Box of beasts     |       |       |       |       |     1 |     5 |     1 ||     7
  Use: Potion            |       |     6 |     6 |     3 |     3 |    19 |     1 ||    38
       Scroll            |       |       |    11 |    11 |     8 |    22 |     6 ||    58
 Stab: Invisible         |       |       |     2 |     1 |       |       |       ||     3
       Paralysed         |       |       |       |    20 |       |       |       ||    20
       Petrified         |       |       |       |       |       |     9 |       ||     9
       Distracted        |       |       |       |       |       |       |     5 ||     5
       Confused          |       |       |       |       |       |       |     1 ||     1
  Eat: Chunk             |       |     5 |    10 |    26 |    43 |    87 |    24 ||   195
       Royal jelly       |       |       |       |     1 |     2 |       |       ||     3
       Bread ration      |       |       |       |     1 |     4 |     3 |       ||     8
Armor: Animal skin       |     2 |       |       |       |       |       |       ||     2
       Scale mail        |     4 |    26 |    30 |       |       |       |       ||    60
       Skin              |       |     1 |       |       |       |       |       ||     1
       Chain mail        |       |       |    45 |     3 |       |       |       ||    48
       Plate armour      |       |       |    10 |   185 |    15 |   155 |       ||   365
       Fire dragon scale |       |       |       |    12 |   111 |    56 |    47 ||   226
       Ice dragon scales |       |       |       |       |    52 |       |       ||    52
       Swamp dragon scal |       |       |       |       |    11 |       |       ||    11
Dodge: Dodged            |    18 |    41 |   124 |   333 |   726 |   447 |   168 ||  1857
Block: Buckler           |       |       |       |    14 |   152 |       |       ||   166
       Shield            |       |       |       |       |   215 |   842 |   228 ||  1285
